 Dungeon Crawl Stone Soup version 0.29.1-15-g9cfb28693d (webtiles) character file.

Game seed: 9604283252320220994

11 H0rd4k the Charlatan (level 2, -2/19 HPs)
             Began as an Octopode Artificer on Mar 6, 2023.
             Slain by a frilled lizard (3 damage)
             ... on level 1 of the Dungeon.
             The game lasted 00:00:32 (66 turns).

H0rd4k the Charlatan (Octopode Artificer)             Turns: 66, Time: 00:00:33

Health: -2/19      AC:  1    Str: 11    XL:     2   Next: 29%
Magic:  3/3        EV: 13    Int: 13    God:
Gold:   14         SH:  0    Dex: 12    Spells: 3/3 levels left

rFire   . . .      SeeInvis .   (no weapon)
rCold   . . .      Faith    .   (no shield)
rNeg    . . .      Spirit   .   (helmet restricted)
rPois   .          Reflect  .   (no amulet)
rElec   .          Harm     .   (no ring)
rCorr   .          Rampage  .   (no ring)
Will    .....                   (no ring)
Stlth   +++.......              (no ring)
HPRegen 0.06/turn               (no ring)
MPRegen 0.08/turn               (no ring)
                                (no ring)
                                (no ring)

@: no status effects
A: almost no armour, amphibious, 8 rings, camouflage 1, gelatinous body 1,
(nimble swimmer 1), tentacles
a: no special abilities


You were on level 1 of the Dungeon.
You visited 1 branch of the dungeon, and saw 1 of its levels.

You collected 14 gold pieces.

Inventory:

Wands
 b - a wand of flame (15) (quivered)
 c - a wand of charming (12)
 d - a wand of iceblast (3)
Scrolls
 a - a scroll of identify {unknown}


   Skills:
 * Level 1.6 Fighting
 - Level 2.3 Dodging
 - Level 1.3 Stealth
 * Level 1.1 Spellcasting
 - Level 3.2 Evocations


You had 3 spell levels left.
You didn't know any spells.
Your spell library was empty.

Dungeon Overview and Level Annotations

Branches:
Dungeon (1/15)

Altars:


Innate Abilities, Weirdness & Mutations

You cannot wear most types of armour.
You are amphibious.
You can wear up to eight rings at the same time.
Your skin changes colour to match your surroundings (Stealth+).
Your rubbery body absorbs attacks. (AC +1, EV +1)
((You are camouflaged when in or above water. (Stealth+)))
You have tentacles for arms and can constrict up to eight enemies at once.


Message History

You kill the ball python!
The iceblast engulfs the ball python!!
You kill the ball python!
You hear an angry hiss.
Your Spellcasting skill increases to level 1!
You have reached level 2!
Aiming: Iceblast
Press: ? - help, Shift-Dir - straight line, f - rat
Aim: a rat (ally target) Really fire at your jackal?
Okay, then.
There are monsters nearby!
Unknown command.
Aiming: Iceblast
Press: ? - help, Shift-Dir - straight line, f/p - rat
Aim: a rat (ally target) That beam is likely to hit you.
Continue anyway?
Okay, then.
Unknown command.
Aiming: Iceblast
Press: ? - help, Shift-Dir - straight line, f/p - rat
Aim: a rat (ally target) Really fire at your jackal?
The mass of ice explodes!
The iceblast engulfs the rat!!
You kill the rat!
The iceblast engulfs the kobold!
You kill the kobold!
The iceblast engulfs your jackal!
You kill your jackal!
Unknown command.
A frilled lizard comes into view.
A frilled lizard is nearby!
A frilled lizard is nearby!
The frilled lizard bites you.
* * * LOW HITPOINT WARNING * * *
You barely miss the frilled lizard. Your grab misses the frilled lizard.
The frilled lizard barely misses you.
You barely miss the frilled lizard. Your grab misses the frilled lizard.
The frilled lizard bites you.
You die...

......#.##########[##.#
......)†......hJ..†...#
......#.#######........
..... #.# #............
#### #.# #####'######.
#.###.........# .
##.##.........##
###.#8.........8#
####@l.#...8...8...#
#....###8.........8#
#.....####
##.........## ##..#
####8<8#### #. #####


You could see a frilled lizard.

Vanquished Creatures
  2 ball pythons (D:1)
  A hobgoblin (D:1)
  2 jackals (D:1)
  A kobold (D:1)
  A goblin (D:1)
  A rat (D:1)
8 creatures vanquished.

Vanquished Creatures (collateral kills)
  An endoplasm (D:1)
  A jackal (D:1)
2 creatures vanquished.

Vanquished Creatures (others)
  A hobgoblin (D:1)
1 creature vanquished.

Grand Total: 11 creatures vanquished

Notes
Turn   | Place    | Note
-------+----------+-------------------------------------------
     0 | D:1      | H0rd4k the Octopode Artificer began the quest for the Orb.
     0 | D:1      | Reached XP level 1. HP: 13/13 MP: 1/1
    46 | D:1      | Reached skill level 1 in Spellcasting
    46 | D:1      | Reached XP level 2. HP: 2/18 MP: 1/3
    66 | D:1      | Slain by a frilled lizard

Illustrated notes

Levels and vault maps discovered:
D:1:      mrwooster_arrival_statue_3, layout_rooms,
          dreamdust_ecumenical_altar_drowned_temple

Skill      XL: |  1 |
---------------+----+-----
Spellcasting   | 1 |  1.1
Fighting       | |  1.6
Dodging        | |  2.3
Stealth        | |  1.3
Evocations     | |  3.2

Action                   || total
-------------------------++-------
Melee: Unarmed           ||    10
       Constrict         ||     2
       Tentacles         ||     2
Evoke: Wand              ||     5
Armor: Skin              ||     5
Dodge: Dodged            ||    20
